 Dungeon Crawl Stone Soup version 0.24-a0-341-g52ca42d (webtiles) character file.

Game seed: 3765916505306234513

120 Binder the Magician (level 4, -4/24 HPs)
             Began as a Deep Elf Venom Mage on May 20, 2019.
             Was an Initiate of Gozag.
             Slain by an iguana (13 damage)
             ... on level 4 of the Dungeon.
             The game lasted 00:17:01 (1676 turns).

Binder the Magician (Deep Elf Venom Mage)           Turns: 1676, Time: 00:17:02

Health: -4/24      AC:  3    Str:  5    XL:     4   Next: 75%
Magic:  8/12       EV: 13    Int: 20    God:    Gozag
Gold:   276        SH:  0    Dex: 16    Spells: 11/12 levels left

rFire    . . .     SeeInvis .   l - +1 spear (pierce)
rCold    . . .     Gourm    .   (no shield)
rNeg     . . .     Faith    .   h - +0 robe
rPois    .         Spirit   .   m - +0 helmet
rElec    .         Reflect  .   (no cloak)
rCorr    .         Harm     .   (no gloves)
MR       .....                  (no boots)
Stlth    ++........             (no amulet)
HPRegen  0.08/turn              (no ring)
MPRegen  0.13/turn              (no ring)

@: very slightly contaminated
A: no striking features
a: Potion Petition, Call Merchant, Bribe Branch, Renounce Religion


You were on level 4 of the Dungeon.
You worshipped Gozag.
Gozag was aware of your devotion.
You were not hungry.

You visited 1 branch of the dungeon, and saw 4 of its levels.

You collected 305 gold pieces.
You paid 29 gold pieces to Gozag.

Inventory:

Hand Weapons
 e - a +0 short sword
 l - a +1 spear of piercing (weapon)
Armour
 a - a +0 robe
 h - a +0 robe (worn)
 m - a +0 helmet (worn)
Jewellery
 b - a -3 ring of strength
Scrolls
 d - 3 scrolls of amnesia
 i - 3 scrolls of remove curse
 j - 4 scrolls of identify
Potions
 f - 2 potions of degeneration
 g - a potion of heal wounds {unknown}
 k - a potion of brilliance {unknown}
Comestibles
 c - 5 rations


   Skills:
 + Level 2.6 Dodging
 + Level 2.5 Stealth
 + Level 4.6 Spellcasting
 + Level 3.1 Conjurations
 + Level 4.0 Poison Magic


You had 11 spell levels left.
You knew the following spells:

 Your Spells              Type           Power        Failure   Level  Hunger
a - Sting                 Conj/Pois      ###.         2%          1    None

Your spell library contained the following spells:

 Spells                   Type           Power        Failure   Level  Hunger
 Poisonous Vapours        Pois/Air       ##....       8%          2    #......
 Mephitic Cloud           Conj/Pois/Air  ##......     14%         3    ##.....
 Olgreb's Toxic Radiance  Pois           ###.....     22%         4    ####...
 Venom Bolt               Conj/Pois      ###.......   58%         5    ######.


Dungeon Overview and Level Annotations

Branches:
Dungeon (4/15)
 Temple: D:4-7

Altars:
Cheibriados
Dithmenos
Gozag
Hepliaklqana
Kikubaaqudgha
Vehumet
The Shining One


Message History

Unknown command.
Casting: Sting (safe; 2% risk of failure)
Confirm with . or Enter, or press ? or * to list all spells.
Aiming: Sting (safe; 2% risk of failure)
Press: ? - help, Shift-Dir - straight line, f/p - iguana
Aim: an iguana The sting misses the iguana.
Unknown command.
You hit the iguana.
The iguana is lightly wounded.
The iguana bites you.
You hit the iguana.
The iguana is moderately wounded.
The iguana bites you.
You barely miss the iguana.
The iguana is moderately wounded.
The iguana bites you!
Ouch! That really hurt!
You die...
Your body crumbles into a pile of gold.

#####......#########.##+##
#....###############'##
#....#...........#....#
#....+...........#....#
######....#...........'....#
##.........#...........#....#
...........#..##..##..##...##
...........#..##..######..(#
...........#....@..........+
..#####....#....l..........#
..# #....#..##...........#
..# #....#.. #......##...#
..+ ....#. #......##...# ..#
# ........# ..# $ ........#
#.##..###


You could see an iguana.

Vanquished Creatures
  5 adders
  3 leopard geckos
  16 bats
  7 giant cockroaches
  4 goblins
  6 hobgoblins
  4 jackals
  2 quokkas (D:2)
  2 ball pythons
  7 frilled lizards
  5 kobolds
  11 rats
72 creatures vanquished.

Notes
Turn   | Place    | Note
-------+----------+-------------------------------------------
     0 | D:1      | Binder the Deep Elf Venom Mage began the quest for the Orb.
     0 | D:1      | Reached XP level 1. HP: 10/10 MP: 6/6
   184 | D:1      | Reached XP level 2. HP: 14/15 MP: 2/8
   421 | D:1      | Reached XP level 3. HP: 15/19 MP: 0/10
   736 | D:2      | Found an opulent altar of Gozag.
   747 | D:2      | Became a worshipper of Gozag Ym Sagoz the Greedy
   783 | D:2      | Found a hazy altar of Hepliaklqana.
   787 | D:2      | Found a radiant altar of Vehumet.
   807 | D:2      | Found a shadowy altar of Dithmenos.
   809 | D:2      | Found a snail-covered altar of Cheibriados.
   809 | D:2      | Found an ancient bone altar of Kikubaaqudgha.
   813 | D:2      | Found a glowing golden altar of the Shining One.
   852 | D:2      | Reached XP level 4. HP: 24/24 MP: 1/12
  1116 | D:2      | Found a faded altar of an unknown god.
  1676 | D:4      | Slain by an iguana

Levels and vault maps discovered:
D:1:      dpeg_arrival_stone_temple_mockup, layout_loops_ring
D:2:      layout_basic, lemuel_crystal_altar, minitemple,
          chequers_ecumenical_altar_simple
D:3:      layout_loops_corners, marbit_many_paths, lemuel_crystal_altar,
          old_standard_altar, nicolae_overflow_crystal_walls,
          cheibrodos_sewer_entry_drain, serial_glass, glass_columns_c,
          glass_columns_a, glass_columns_a, glass_columns_b, first_ration
D:4:      layout_gridville, uniq_eustachio

Skill      XL: |  1  2  3  4 |
---------------+-------------+-----
Spellcasting   | 4 |  4.6
Conjurations   | 2 3 |  3.1
Poison Magic   | 4 |  4.0
Dodging        | |  2.6
Stealth        | |  2.5

Action                   |  1- 3 |  4- 6 || total
-------------------------+-------+-------++-------
Melee: Short sword       |    21 |       ||    21
       Unarmed           |     2 |       ||     2
       Spear             |     1 |    10 ||    11
 Cast: Sting             |    73 |    51 ||   124
  Use: Scroll            |     6 |     1 ||     7
  Eat: Ration            |       |     1 ||     1
Armor: Robe              |    11 |     1 ||    12
Dodge: Dodged            |    37 |    16 ||    53

Table legend:
 A = Non-vault XP
 B = Vault XP
 C = Vault XP percentage of total XP
 D = Non-vault monster count
 E = Vault monster count
 F = Vault count percentage of total count
                 A         B        C        D         E       F
            +---------+---------+-------+---------+---------+-------
      Total |     172 |       0 |   0.0 |      72 |       0 |   0.0
            +---------+---------+-------+---------+---------+-------
        D:1 |      53 |       0 |   0.0 |      34 |       0 |   0.0
        D:2 |     100 |       0 |   0.0 |      34 |       0 |   0.0
        D:4 |      19 |       0 |   0.0 |       4 |       0 |   0.0
            +---------+---------+-------+---------+---------+-------
